 Dungeon Crawl Stone Soup version 0.22-a0-135-g6f012ad (webtiles) character file.

48 KristoblXynda the Insei (level 3, -1/33 HPs)
             Began as a Draconian Monk on Jan 31, 2018.
             Slain by Sigmund
             ... wielding a +0 scythe
              (12 damage)
             ... on level 1 of the Dungeon.
             The game lasted 00:02:26 (1152 turns).

KristoblXynda the Insei (Draconian Monk)            Turns: 1152, Time: 00:02:27

Health: -1/33      AC:  5    Str: 13    XL:     3   Next: 50%
Magic:  3/3        EV: 13    Int: 11    God:
Gold:   98         SH:  0    Dex: 13    Spells: 2/2 levels left

rFire    . . .     SeeInvis .     - Unarmed
rCold    . . .     Gourm    .   (no shield)
rNeg     . . .     Faith    .   (armour unavailable)
rPois    .         Spirit   .   (helmet restricted)
rElec    .         Reflect  .   (no cloak)
rCorr    .         Harm     .   (no gloves)
MR       .....                  (no boots)
Stlth    ++........             (no amulet)
HPRegen  0.11/turn              (no ring)
MPRegen  0.08/turn              (no ring)

@: no status effects
A: unfitting armour, cold-blooded, AC +5
a: no special abilities


You were on level 1 of the Dungeon.
You were not hungry.

You visited 1 branch of the dungeon, and saw 2 of its levels.

You collected 98 gold pieces.

Inventory:

Scrolls
 c - a scroll of amnesia {unknown}
 d - a scroll of enchant weapon {unknown}
 e - 2 scrolls of remove curse {unknown}
 f - a scroll of fear {unknown}
 g - a scroll of teleportation {unknown}
Potions
 b - a potion of heal wounds
Comestibles
 a - 3 rations
 i - a chunk of flesh


   Skills:
 + Level 3.8 Fighting
 + Level 3.1 Dodging
 - Level 1.7 Stealth
 * Level 3.9 Unarmed Combat


You had 2 spell levels left.
You didn't know any spells.

Dungeon Overview and Level Annotations

Branches:
Dungeon (2/15)

Altars:
Qazlal

Annotations:
D:1 Sigmund
D:2 Terence


Innate Abilities, Weirdness & Mutations

Your plain brown scales are hard. (AC +5)
You cannot fit into any form of body armour.
You are cold-blooded and may be slowed by cold attacks.


Message History

You miss something. Something hits you!
You hit something. You tail-slap something. Your punch misses something.
You hit something but do no damage. Something completely misses you.
You miss something. Something hits you.
You hit something.
Your tail-slap misses something.
You miss something. Something hits you.
You hit something. You barely miss something. Something hits you.
* * * LOW HITPOINT WARNING * * *
You feel much better. Something hits you.
You completely miss something. You hit something but do no damage.
You tail-slap something. Something hits you!
You hit something. You closely miss something.
You hear some strange, mumbled words.
Something tries to affect you, but you resist.
You closely miss something. Something hits you.
You closely miss something. Something hits you!
You die...

###.# #....#..#........# #
..#'#### ###..#.##.....)..#
#......# #...............#
#......#####.....###########
#.............#..#
#......####...#..# #.######
#...##.# #.# #(..##.# #.#
######....{@# #.#
#.......##### ..# #.#####.#
### #.# #.# #.# #.# #.# #.#
#.# #.# #.#####.# #.......#


There were no monsters in sight!

Vanquished Creatures
  An adder (D:2)
  2 oozes (D:1)
  A worm (D:2)
  A dart slug (D:2)
  A leopard gecko (D:2)
  A giant cockroach (D:1)
  3 hobgoblins
  3 jackals (D:1)
  2 kobolds (D:1)
  4 bats (D:1)
  A frilled lizard (D:1)
  4 goblins (D:1)
24 creatures vanquished.

Notes
Turn   | Place    | Note
-------+----------+-------------------------------------------
     0 | D:1      | KristoblXynda the Draconian Monk began the quest for the Orb.
     0 | D:1      | Reached XP level 1. HP: 19/19 MP: 1/1
   201 | D:1      | Reached XP level 2. HP: 24/26 MP: 2/2
   560 | D:1      | Reached XP level 3. HP: 31/33 MP: 3/3
  1064 | D:2      | Found a stormy altar of Qazlal.
  1108 | D:2      | Noticed Terence
  1116 | D:2      | Noticed Sigmund
  1152 | D:1      | Slain by Sigmund

Vault maps used:
D:1:      lightli_arrival_lavapool, hangedman_decor_growths,
          hangedman_decor_clover_reticule
D:2:      wad_woods_settlement, overflow_temple_1_default, first_ration,
          uniq_terence, uniq_sigmund

Skill      XL: |  1  2 |
---------------+-------+-----
Dodging        | 3 |  3.1
Fighting       | |  3.8
Stealth        | |  1.7
Unarmed Combat | |  3.9

Action                   || total
-------------------------++-------
Melee: Unarmed           ||   138
       Tailslap          ||    12
       Punch             ||     1
  Use: Scroll            ||     2
       Potion            ||     2
 Stab: Sleeping          ||     1
  Eat: Chunk             ||     1
Armor: Skin              ||    37
Dodge: Dodged            ||    97

Table legend:
 A = Spawn XP
 B = Non-spawn XP
 C = Spawn XP percentage of total XP
 D = Spawn monster count
 E = Non-spawn monster count
 F = Spawn count percentage of total count
 G = Total turns spent on level
                    A         B        C        D         E        F      G
               +---------+---------+-------+---------+---------+-------+---------
         Total |       0 |      69 |   0.0 |       0 |      24 |   0.0 |  1152
               +---------+---------+-------+---------+---------+-------+---------
           D:1 |       0 |      41 |   0.0 |       0 |      19 |   0.0 |   744
           D:2 |       0 |      28 |   0.0 |       0 |       5 |   0.0 |   408
               +---------+---------+-------+---------+---------+-------+---------
